 Dungeon Crawl Stone Soup version 0.19-a0-1895-g783e625 (webtiles) character file.

27673 rme2001 the Nimble (level 13, -4/106 HPs)
             Began as a Merfolk Gladiator on Oct 18, 2016.
             Was the Champion of Okawaru.
             Slain by a death yak (15 damage)
             ... led by a torpor snail
             ... on level 6 of the Lair of Beasts.
             The game lasted 01:41:22 (14997 turns).

rme2001 the Nimble (Merfolk Gladiator)             Turns: 14997, Time: 01:41:23

Health: -4/106     AC:  9    Str: 16    XL:     13   Next: 33%
Magic:  0/17       EV: 33    Int:  8    God:    Okawaru [******]
Gold:   1076       SH:  0    Dex: 18    Spells: 0 memorised, 12 levels left

rFire  . . .     SeeInvis .     x - +6 scimitar
rCold  . . .     Gourm    .     B - +2 troll leather armour
rNeg   . . .     Faith    .     (no shield)
rPois  .         Spirit   +     v - +0 helmet
rElec  .         Reflect  .     J - +1 cloak
rCorr  .         Harm     .     (no gloves)
MR     .....                    (boots currently unavailable)
Stlth  +++.......               z - amulet of guardian spirit
                                j - +3 ring of evasion
                                g - ring of stealth

@: very quick
A: change form in water, swift swim, stealthy swim
a: Heroism, Finesse, Renounce Religion


You were on level 6 of the Lair of Beasts.
You worshipped Okawaru.
Okawaru was exalted by your worship.
You were hungry.

You visited 3 branches of the dungeon, and saw 17 of its levels.
You also visited: Sewer.

You collected 1188 gold pieces.
You spent 112 gold pieces at shops.

Inventory:

Hand Weapons
 t - a +4 halberd
 w - a +4 falchion of freezing
 x - a +6 scimitar (weapon)
Armour
 n - a +2 buckler
 v - a +0 helmet (worn)
 B - a +2 troll leather armour (worn)
 J - a +1 cloak (worn)
 O - a +0 pair of boots (melded)
 Y - the +7 chain mail "Ylitaes" {Int+2}
   (Okawaru gifted it to you on level 4 of the Lair of Beasts)

   It affects your intelligence (+2).
Jewellery
 g - a ring of stealth (left hand)
 j - a +3 ring of evasion (right hand)
 o - an uncursed ring of positive energy
 z - an amulet of guardian spirit (around neck)
Wands
 d - a wand of paralysis (12/24)
 i - a wand of acid (6/15)
 q - a wand of random effects (32/48)
 r - a wand of paralysis (18/24)
 s - a wand of digging (13/24)
 G - a wand of digging (18/24)
 K - a wand of acid (6/15)
 R - a wand of iceblast (9/15)
 T - a wand of acid (6/15)
 W - a wand of random effects (27/48)
 X - a wand of flame (7/48)
Scrolls
 c - 5 scrolls of remove curse
 e - a scroll of amnesia
 l - 3 scrolls of fear
 p - 3 scrolls of teleportation
 y - 3 scrolls of identify
 A - 2 scrolls of fog
 H - 2 scrolls of recharging
 L - 2 scrolls of blinking
 U - a scroll of magic mapping
Potions
 a - a potion of ambrosia
 b - 5 potions of flight
 u - 2 potions of haste
 D - a potion of berserk rage
 F - 4 potions of curing
 M - 2 potions of cure mutation
 N - a potion of agility
 V - a potion of resistance {unknown}
 Z - a potion of might
Miscellaneous
 S - a phantom mirror
Comestibles
 f - 11 bread rations
 h - 11 beef jerkies
 k - 3 meat rations
 m - 41 fruits
 C - a royal jelly


   Skills:
 + Level 11.6 Fighting
 - Level 14.2 Long Blades
 - Level 6.0 Polearms
 - Level 2.0 Throwing
 + Level 14.6 Dodging
 - Level 4.0 Shields
 + Level 4.1 Invocations
 * Level 5.9 Evocations


You had 12 spell levels left.
You didn't know any spells.

Dungeon Overview and Level Annotations

Branches:
Dungeon (10/15)            Temple (1/1) D:5            Lair (6/6) D:9
  Swamp (0/4) Lair:3       Spider (0/4) Lair:4          Orc (0/2) D:9
  Slime: Lair:5-6

Altars:
Ashenzari
Cheibriados
Dithmenos
Elyvilon
Fedhas
Gozag
Hepliaklqana
Kikubaaqudgha
Makhleb
Nemelex Xobeh
Okawaru
Qazlal
Ru
Sif Muna
Trog
Uskayaw
Vehumet
Xom
Yredelemnul
Zin
The Shining One

Shops:
D:4 :   D:7 [   D:9 :


Message History

The death yak gores you!
* * * LOW HITPOINT WARNING * * *
You are too injured to fight recklessly!
You are too injured to fight recklessly!
You are too injured to fight recklessly!
You hit the death yak but do no damage.
The death yak is heavily wounded.
The death yak completely misses you.
You riposte.
You hit the death yak.
Your tail-slap misses the death yak.
The death yak is heavily wounded.
You slash the death yak!
The death yak is severely wounded.
You slash the death yak!
The death yak is almost dead.
The death yak gores you!
* * * LOW HITPOINT WARNING * * *
You hit the death yak.
The death yak is almost dead.
The death yak gores you!
You die...

§§≈≈..............
§§≈§...".#PP...... ##.≈
#≈§...≈≈≈≈....... ...≈≈
##≈≈..≈≈≈≈≈P....... ...≈§
#≈≈§...≈≈≈≈P......<. ..§§§
#≈≈§...≈≈≈≈.........
P.§≈≈##≈≈§.PP≈≈≈≈.........
#.§§#≈#§≈≈...≈≈†Y#........
...≈≈≈§≈§S..####@≈........
#.....§§......#..#........
........§............P....
.#......##...#......P.....
...##..##.#P.#......P.........
...###........................
....##........................
..............................
..............................


You could see a death yak and a lava snake.

Vanquished Creatures
  A death yak (Lair:6)
  A cyclops (D:8)
  Joseph (D:9)
  A black mamba (Lair:6)
  10 spiny frogs
  A torpor snail (Lair:6)
  6 komodo dragons
  A tyrant leech (Lair:3)
  4 jumping spiders (Lair:4)
  A hornet (D:8)
  Prince Ribbit (D:8)
  21 blink frogs
  4 dream sheep (Lair:1)
  4 hippogriffs
  2 hill giant zombies (D:9)
  A redback (Lair:4)
  A wraith (D:8)
  29 yaks
  A steam dragon (D:9)
  2 basilisks
  4 wargs (Lair:6)
  Menkaure (D:4)
  8 water moccasins
  2 hell hounds (Lair:6)
  11 porcupines
  Purgy (Sewer)
  4 black bears
  3 orc warriors
  A hornet zombie (D:6)
  6 ogres
  2 ice beasts
  11 wolves
  4 phantoms
  2 centaurs
  7 crocodiles
  9 bullfrogs
  2 scorpions
  A water moccasin skeleton (D:4)
  5 killer bees
  6 wights
  2 electric eels
  A howler monkey (D:6)
  A crimson imp (D:8)
  2 centaur zombies (D:5)
  A bullfrog zombie (D:6)
  5 human zombies (D:8)
  Crazy Yiuf (D:7)
  4 jellies
  4 orc priests
  A bullfrog skeleton (D:6)
  4 centaur skeletons
  16 hounds
  Jessica (D:2)
  A human skeleton (D:8)
  2 iguanas
  7 orc wizards
  2 worker ants
  6 ogre zombies (D:9)
  2 mummies (D:8)
  7 gnolls
  17 adders
  4 shadow imps
  An adder zombie (D:5)
  2 adder skeletons (D:4)
  A worm (D:3)
  3 leopard geckos
  33 orcs
  2 ball pythons
  8 giant cockroaches
  8 goblins
  10 hobgoblins
  15 jackals
  8 quokkas
  A ball python skeleton (D:5)
  17 bats
  8 frilled lizards
  4 goblin zombies (D:9)
  4 hobgoblin zombies (D:9)
  2 jackal skeletons (D:6)
  8 kobolds
  2 leopard gecko skeletons
  2 orc skeletons
  16 orc zombies (D:9)
  3 quokka zombies
  8 rats
440 creatures vanquished.

Vanquished Creatures (others)
  A jackal (D:4)
  A fire vortex (Lair:6)
  10 fungi
  13 plants
25 creatures vanquished.

Grand Total: 465 creatures vanquished

Notes
Turn   | Place    | Note
-------+----------+-------------------------------------------
     0 | D:1      | rme2001 the Merfolk Gladiator began the quest for the Orb.
     0 | D:1      | Reached XP level 1. HP: 16/16 MP: 1/1
   227 | D:2      | Reached XP level 2. HP: 22/22 MP: 2/2
   809 | D:2      | Reached XP level 3. HP: 24/27 MP: 3/3
   957 | D:2      | Reached skill level 5 in Dodging
  1067 | D:2      | HP: 1/27 [adder (2)]
  1075 | D:2      | Reached XP level 4. HP: 22/33 MP: 4/4
  1085 | D:2      | Noticed Jessica
  1106 | D:2      | Killed Jessica
  1106 | D:2      | Reached skill level 1 in Shields
  1203 | D:2      | Found a glowing golden altar of the Shining One.
  1479 | D:2      | Reached XP level 5. HP: 37/38 MP: 5/5
  2536 | D:3      | Reached XP level 6. HP: 28/44 MP: 6/6
  2766 | D:3      | Reached skill level 1 in Polearms
  2902 | D:4      | Found Ylobruad's Book Emporium.
  3606 | D:4      | Reached XP level 7. HP: 37/52 MP: 7/7
  3686 | D:4      | Found a shattered altar of Ashenzari.
  3753 | D:5      | Entered Level 5 of the Dungeon
  3961 | D:5      | Reached skill level 5 in Polearms
  4050 | D:5      | Found a glowing drain.
  4086 | Sewer    | Entered a sewer
  4118 | Sewer    | Noticed Purgy
  4137 | Sewer    | Killed Purgy
  4325 | D:5      | Found a basalt altar of Yredelemnul.
  4359 | D:5      | Reached skill level 5 in Long Blades
  4359 | D:5      | Reached XP level 8. HP: 60/60 MP: 8/8
  4515 | D:5      | Noticed Menkaure
  4734 | D:4      | Killed Menkaure
  4994 | D:6      | Found a shimmering altar of Xom.
  5030 | D:5      | Found a staircase to the Ecumenical Temple.
  5067 | Temple   | Entered the Ecumenical Temple
  5106 | Temple   | Became a worshipper of Warmaster Okawaru
  5598 | D:6      | Reached skill level 5 in Fighting
  5831 | D:6      | Reached XP level 9. HP: 68/68 MP: 9/9
  6321 | D:7      | Reached * piety under Okawaru
  6903 | D:7      | Found Caikion's Antique Armour Shop.
  6922 | D:7      | Bought a cloak for 112 gold pieces
  7297 | D:7      | Found a runed door.
  7301 | D:7      | Noticed Crazy Yiuf
  7309 | D:7      | Killed Crazy Yiuf
  7682 | D:8      | Reached skill level 10 in Dodging
  7740 | D:8      | Noticed a cyclops
  7785 | D:8      | Noticed a hornet
  7788 | D:8      | Reached ** piety under Okawaru
  7931 | D:8      | Killed a hornet
  7931 | D:8      | Reached XP level 10. HP: 79/79 MP: 10/10
  8102 | D:8      | Noticed Prince Ribbit
  8110 | D:8      | Killed Prince Ribbit
  8201 | D:8      | Killed a cyclops
  8248 | D:8      | Reached skill level 10 in Long Blades
  8285 | D:8      | Found an ancient bone altar of Kikubaaqudgha.
  8344 | D:8      | Reached *** piety under Okawaru
  8600 | D:10     | Entered Level 10 of the Dungeon
  8748 | D:9      | Found a staircase to the Orcish Mines.
  8841 | D:9      | Found a staircase to the Lair.
  8936 | D:9      | Found Qicij's Book Emporium.
  9038 | D:9      | Found a sacrificial altar of Ru.
  9106 | D:9      | Noticed Joseph
  9125 | D:9      | Killed Joseph
  9125 | D:9      | Reached **** piety under Okawaru
  9407 | D:9      | Reached XP level 11. HP: 72/87 MP: 11/11
  9946 | Lair:1   | Entered Level 1 of the Lair of Beasts
 10004 | Lair:1   | Reached ***** piety under Okawaru
 10687 | Lair:2   | Received a gift from Okawaru
 11044 | Lair:2   | Found a basalt altar of Yredelemnul.
 11337 | Lair:2   | Reached XP level 12. HP: 97/97 MP: 12/12
 11390 | Lair:2   | Reached skill level 10 in Fighting
 11470 | Lair:2   | Noticed a four-headed hydra
 12081 | Lair:3   | Received a gift from Okawaru
 12083 | Lair:3   | Noticed a four-headed hydra
 12299 | Lair:4   | Found a hole to the Spider Nest.
 12541 | Lair:3   | Reached ****** piety under Okawaru
 12627 | Lair:3   | Found a staircase to the Swamp.
 13278 | Lair:5   | Received a gift from Okawaru
 13348 | Lair:5   | Noticed a seven-headed hydra
 13690 | Lair:4   | Noticed an eight-headed hydra
 13889 | Lair:5   | Received a gift from Okawaru
 13892 | Lair:5   | Reached skill level 1 in Evocations
 13948 | Lair:5   | Reached skill level 1 in Invocations
 14067 | Lair:4   | Received a gift from Okawaru
 14068 | Lair:4   | Got a smoking chain mail {god gift}
 14069 | Lair:4   | Identified the +7 chain mail "Ylitaes" {Int+2} (Okawaru gifted it to you on level 4 of the Lair of Beasts)
 14371 | Lair:6   | Entered Level 6 of the Lair of Beasts
 14400 | Lair:6   | Reached XP level 13. HP: 40/106 MP: 8/16
 14652 | Lair:6   | Reached skill level 5 in Evocations
 14997 | Lair:6   | Slain by a death yak

Vault maps used:
D:1:      sevenhm_arrival_forest_fort_small_5, minmay_misc_feat_tower
D:2:      nicolae_tso_swordbearing_angel, uniq_jessica
D:4:      ashenzari_conservatory_becter, first_bread, serial_shops, shop
D:5:      portal_sewer_entry_d, basic_altar, uniq_menkaure
D:6:      brannock_xom_greatest_gift
D:7:      serial_shops, nicolae_shop_competitors_out_of_business,
          grunt_ogre_cave, uniq_crazy_yiuf_cottage
D:8:      lemuel_mausoleum_altar_kikubaaqudgha, uniq_prince_ribbit1
D:9:      nicolae_ru_great_annihilating_truth, lair_0_dummy, zombieorc2_lemuel,
          serial_shops, nicolae_shop_temple_entry_statues_fountains, uniq_joseph
D:10:     kennysheep_pointless_box, kennysheep_crisscross, minivault_11,
          dk_vineyard_1
Temple:   nicolae_temple_elliptical
Lair:1:   serial_bayou_pond_c, minivault_24, grunt_forest_large_clearings,
          grunt_megastairs_4
Lair:2:   basic_altar, lemuel_fruit_fields, grunt_megastairs_5,
          infiniplex_staircase_pool, lemuel_fruit_fields
Lair:3:   minmay_swamp_entry_worms
Lair:4:   nicolae_spider_entry_tight_spaces, serial_bayou_shore_a,
          lemuel_fruit_tree, serial_bayou_shore_b
Lair:5:   lab_entry_generic
Lair:6:   hangedman_lair_caniforms_friends, guppyfry_lair_end_dragon,
          slime_dummy
Sewer:    sewer_big_baddie

Skill      XL: |  1  2  3  4  5  6  7  8  9 10 11 12 13 |
---------------+----------------------------------------+-----
Long Blades    | 4 5 6 9 11 13 14 | 14.2
Dodging        | 5 6 7 8 10 11 12 14 | 14.6
Shields        | 1 2 3 4 |  4.0
Polearms       | 4 6 |  6.0
Fighting       | 3 5 7 8 9 11 | 11.6
Evocations     | 4 5 |  5.9
Invocations    | 2 4 |  4.1
Throwing       | |  2.0

Action                   |  1- 3 |  4- 6 |  7- 9 | 10-12 | 13-15 || total
-------------------------+-------+-------+-------+-------+-------++-------
Melee: Long sword        |    75 |   146 |       |       |       ||   221
       Halberd           |       |    57 |       |    33 |       ||    90
       Falchion          |       |    24 |   442 |   777 |       ||  1243
       Tailslap          |       |       |     1 |     1 |     7 ||     9
       Scimitar          |       |       |       |   192 |   163 ||   355
Evoke: Wand              |       |       |       |     3 |       ||     3
  Use: Scroll            |     3 |     9 |    17 |    14 |     1 ||    44
       Potion            |     4 |     1 |     2 |     2 |       ||     9
 Stab: Sleeping          |       |     2 |     2 |     3 |       ||     7
       Distracted        |       |     2 |       |     1 |       ||     3
       Paralysed         |       |       |       |     1 |       ||     1
  Eat: Chunk             |       |     9 |    12 |    21 |     2 ||    44
       Royal jelly       |       |       |     1 |       |       ||     1
       Fruit             |       |       |       |     2 |       ||     2
Armor: Leather armour    |    34 |    42 |    20 |       |       ||    96
       Troll leather arm |       |       |    30 |    82 |    20 ||   132
Dodge: Dodged            |    75 |   212 |   301 |   681 |   205 ||  1474
Block: Buckler           |     8 |    65 |   146 |   189 |       ||   408
       Rpst.: Long sword |    23 |    51 |       |       |       ||    74
       Falchion          |       |     9 |    89 |   114 |       ||   212
       Scimitar          |       |       |       |    69 |    56 ||   125
